 Dungeon Crawl Stone Soup version 0.24.1-4-ge52af88ad5 (webtiles) character file.

Game seed: 435342589371296560, levelgen mode: deterministic

425 Peloso the Shield-Bearer (level 6, -4/52 HPs)
             Began as a Minotaur Fighter on Apr 12, 2020.
             Slain by an ogre
             ... wielding a +0 giant club
              (8 damage)
             ... on level 4 of the Dungeon.
             The game lasted 00:06:31 (2797 turns).

Peloso the Shield-Bearer (Minotaur Fighter)         Turns: 2797, Time: 00:06:32

Health: -4/52      AC: 14    Str: 21    XL:     6   Next: 64%
Magic:  5/5        EV:  6    Int:  5    God:
Gold:   185        SH: 10    Dex: 11    Spells: 5/5 levels left

rFire    . . .     SeeInvis .   a - +0 long sword
rCold    . . .     Gourm    .   c - +0 shield
rNeg     . . .     Faith    .   h - +0 shadow dragon scales
rPois    .         Spirit   .   (helmet restricted)
rElec    .         Reflect  .   n - +0 cloak
rCorr    .         Harm     .   (no gloves)
MR       .....                  s - +0 pair of boots {Fly}
Stlth    +++.......             (no amulet)
HPRegen  0.17/turn              (no ring)
MPRegen  0.09/turn              (no ring)

@: flying
A: retaliatory headbutt, horns 2
a: Stop Flying


You were on level 4 of the Dungeon.
You were not hungry.

You visited 1 branch of the dungeon, and saw 4 of its levels.

You collected 185 gold pieces.

Inventory:

Hand Weapons
 a - a +0 long sword (weapon)
Armour
 b - a +0 scale mail
 c - a +0 shield (worn)
 h - +0 shadow dragon scales (worn)
 n - a +0 cloak (worn)
 s - a +0 pair of boots of flying (worn)
Wands
 t - a wand of polymorph (5)
Scrolls
 e - a scroll of amnesia
 g - a scroll of remove curse
 i - 2 scrolls of identify
 l - a scroll of teleportation
 q - a scroll of fog
 u - a scroll of immolation {unknown}
Potions
 d - a potion of might
 j - a potion of curing {unknown}
 k - 3 potions of haste
 o - a potion of mutation {unknown}
 p - a potion of invisibility {unknown}
 r - a potion of heal wounds {unknown}
Comestibles
 f - 7 rations
 m - 4 chunks of flesh


   Skills:
 + Level 4.2 Fighting
 + Level 4.7 Long Blades
 + Level 5.2 Armour
 + Level 1.5 Dodging
 + Level 1.2 Stealth
 + Level 6.0 Shields


You had 5 spell levels left.
You didn't know any spells.
Your spell library was empty.

Dungeon Overview and Level Annotations

Branches:
Dungeon (4/15)
 Temple: D:4-7

Altars:
Ashenzari

Annotations:
D:3 1 runed translucent door, lysyklops's ghost, amateur MiFi
D:4 1 runed translucent door, Crazy Yiuf


Innate Abilities, Weirdness & Mutations

You reflexively headbutt those who attack you in melee.
You have a pair of horns on your head.


Message History

The ogre is moderately wounded.
The ogre hits you with a +0 giant club!
You hit the ogre but do no damage. Your headbutt misses the ogre.
The ogre is moderately wounded.
The ogre hits you with a +0 giant club.
You closely miss the ogre.
The ogre is moderately wounded.
The ogre barely misses you. You furiously retaliate!
You headbutt the ogre! You closely miss the ogre.
The ogre is heavily wounded.
You block the ogre's attack.
You hit the ogre.
The ogre is heavily wounded.
The ogre hits you with a +0 giant club!
* * * LOW HITPOINT WARNING * * *
Your shadow dragon scales prevents you from hitting the ogre.
Your headbutt misses the ogre.
The ogre is heavily wounded.
The ogre hits you with a +0 giant club!
You die...

##############
#.....O@.....##
#..............
#............##
#......†......##########
#.............#.........
#######..####.#.##......
###.....#.#.##......
#...................
#.#.....#.#.##...[..


You could see an ogre.

Vanquished Creatures
  An ogre (D:4)
  A howler monkey (D:2)
  A hound (D:4)
  2 orc priests
  An orc wizard (D:4)
  An iguana (D:4)
  A worker ant (D:4)
  5 adders
  3 oozes
  2 worms
  A dart slug (D:3)
  2 leopard geckos
  7 orcs
  4 giant cockroaches
  8 goblins
  6 hobgoblins
  4 jackals (D:1)
  2 quokkas
  6 bats (D:1)
  5 frilled lizards
  5 kobolds
  4 rats
72 creatures vanquished.

Notes
Turn   | Place    | Note
-------+----------+-------------------------------------------
     0 | D:1      | Peloso the Minotaur Fighter began the quest for the Orb.
     0 | D:1      | Reached XP level 1. HP: 19/19 MP: 0/0
   626 | D:1      | Reached XP level 2. HP: 26/27 MP: 1/1
  1019 | D:2      | Noticed a howler monkey
  1028 | D:2      | Killed a howler monkey
  1028 | D:2      | Reached skill level 4 in Shields
  1028 | D:2      | Reached XP level 3. HP: 21/33 MP: 2/2
  1079 | D:2      | Reached XP level 4. HP: 23/40 MP: 3/3
  1627 | D:3      | Reached skill level 1 in Dodging
  1627 | D:3      | Reached skill level 5 in Shields
  1663 | D:3      | Found a runed translucent door.
  1663 | D:3      | Noticed lysyklops's ghost (amateur MiFi)
  1706 | D:3      | Found a shattered altar of Ashenzari.
  1805 | D:3      | Reached XP level 5. HP: 40/46 MP: 4/4
  2444 | D:4      | Noticed an ogre
  2449 | D:4      | Killed an ogre
  2449 | D:4      | Reached skill level 5 in Armour
  2573 | D:4      | Reached XP level 6. HP: 52/52 MP: 5/5
  2588 | D:4      | Reached skill level 1 in Stealth
  2668 | D:4      | Found a runed translucent door.
  2669 | D:4      | Noticed Crazy Yiuf
  2725 | D:4      | Reached skill level 6 in Shields
  2797 | D:4      | Slain by an ogre

Levels and vault maps discovered:
D:1:      lightli_arrival_farm, layout_basic
D:2:      layout_rooms, hangedman_decor_opposing, minmay_quantized
D:3:      layout_loops_ring, hellmonk_ghost_happy_afterlife,
          evilmike_ruin_ashenzari
D:4:      layout_basic, nicolae_tso_carved_into_rock, grunt_ministairs_8,
          chequers_serial_rivers_micro_b, minmay_checkerbox,
          uniq_crazy_yiuf_cottage

Skill      XL: |  1  2  3  4  5  6 |
---------------+-------------------+-----
Armour         | 4 5 |  5.2
Shields        | 4 5 6 |  6.0
Long Blades    | 3 4 |  4.7
Fighting       | 4 |  4.2
Dodging        | 1 |  1.5
Stealth        | 1 |  1.2

Action                   |  1- 3 |  4- 6 || total
-------------------------+-------+-------++-------
Melee: Long sword        |    60 |   140 ||   200
       Headbutt          |     8 |    23 ||    31
  Use: Scroll            |     1 |     4 ||     5
       Potion            |     1 |     1 ||     2
 Stab: Sleeping          |       |     4 ||     4
  Eat: Chunk             |       |     6 ||     6
Armor: Scale mail        |    51 |    14 ||    65
       Shadow dragon sca |       |    58 ||    58
Dodge: Dodged            |    28 |    50 ||    78
Block: Shield            |    67 |   104 ||   171
       Rpst.: Long sword |     7 |    12 ||    19
